 Dungeon Crawl Stone Soup version 0.19.5 (webtiles) character file.

10074 greprep the Unseen (level 11, -3/49 HPs)
             Began as a Spriggan Enchanter on May 7, 2017.
             Was a Priest of Ashenzari.
             Slain by a stone giant (25 damage)
             ... on level 1 of the Orcish Mines.
             The game lasted 01:07:33 (18916 turns).

greprep the Unseen (Spriggan Enchanter)            Turns: 18916, Time: 01:07:34

Health: -3/49      AC:  8    Str:  4    XL:     11   Next: 31%
Magic:  2/24       EV: 28    Int: 17    God:    Ashenzari [***...]
Gold:   880        SH:  0    Dex: 20    Spells: 9 memorised, 5 levels left

rFire  . . .     SeeInvis +     t - +3 dagger (venom) (curse)
rCold  + . .     Gourm    .     i - +2 robe {rN+}
rNeg   + . .     Faith    .     (shield restricted)
rPois  .         Spirit   .     (helmet restricted)
rElec  .         Reflect  .     v - +0 cloak (curse)
rCorr  .         Harm     .     (gloves unavailable)
MR     +....                    (boots unavailable)
Stlth  +++++++...               (no amulet)
                                f - ring of protection from cold (curse)
                                j - +3 ring of protection (curse)

@: very quick
A: unfitting armour, see invisible, herbivore 3, speed 3, slow metabolism 2
a: Curse Item, Scrying, Renounce Religion


You were on level 1 of the Orcish Mines.
You worshipped Ashenzari.
Ashenzari was most pleased with you.
You were not hungry.

You visited 3 branches of the dungeon, and saw 12 of its levels.
You also visited: Sewer and Ossuary.

You collected 880 gold pieces.

Inventory:

Hand Weapons
 t - a cursed +3 dagger of venom (weapon)
Armour
 i - a +2 robe of positive energy (worn)
 v - a cursed +0 cloak (worn)
Jewellery
 f - a cursed ring of protection from cold (right hand)
 j - a cursed +3 ring of protection (left hand)
 s - an uncursed ring of positive energy
Wands
 h - a wand of digging (8/24)
 m - a wand of disintegration (8/24)
 o - a wand of random effects (33/48)
Scrolls
 b - a scroll of summoning
 k - 3 scrolls of recharging
 r - a scroll of fog
 u - a scroll of brand weapon
 w - 3 scrolls of identify
Potions
 a - 2 potions of flight
 e - 4 potions of curing
 g - a potion of magic
 l - 4 potions of haste
 p - a potion of ambrosia
 x - 2 potions of brilliance
 A - a potion of berserk rage
Books
 c - a book of Maledictions

   Spells                             Type                      Level
   a - Corona                         Hexes                        1
   b - Ensorcelled Hibernation        Hexes/Ice                    2
   c - Confuse                        Hexes                        3
   d - Tukima's Dance                 Hexes                        3
   e - Dazzling Spray                 Conjuration/Hexes            3
 q - a book of Minor Magic

   Spells                             Type                      Level
   a - Magic Dart                     Conjuration                  1
   b - Blink                          Translocation                2
   c - Call Imp                       Summoning                    2
   d - Repel Missiles                 Charms/Air                   2
   e - Slow                           Hexes                        2
   f - Conjure Flame                  Conjuration/Fire             3
   g - Mephitic Cloud                 Conjuration/Poison/Air       3
Miscellaneous
 y - a box of beasts
 B - a lamp of fire
Comestibles
 d - 7 bread rations
 n - 7 fruits
 z - 7 royal jellies


   Skills:
 + Level 1.2 Fighting
 * Level 7.1(10.1) Short Blades
 * Level 10.6 Dodging
 * Level 16.2 Stealth
 + Level 8.0 Spellcasting
 + Level 0.3(1.0) Conjurations
 + Level 7.7(9.7) Hexes
 + Level 0.2(0.7) Summonings
 + Level 4.2(6.0) Ice Magic
 + Level 0.4(1.1) Poison Magic
 + Level 0.3(1.0) Evocations


You had 5 spell levels left.
You knew the following spells:

 Your Spells              Type           Power        Failure   Level  Hunger
a - Corona                Hex            #####..      1%          1    None
b - Ensorcelled Hibernat  Hex/Ice        ####..       1%          2    None
c - Confuse               Hex            #####...     1%          3    #......
d - Dazzling Spray        Conj/Hex       ####..       4%          3    #......
e - Tukima's Dance        Hex            #####...     1%          3    #......
f - Mephitic Cloud        Conj/Pois/Air  #.......     24%         3    #......
g - Blink                 Tloc           N/A          17%         2    None
h - Slow                  Hex            #####...     1%          2    None
i - Call Imp              Summ           #.......     14%         2    None


Dungeon Overview and Level Annotations

Branches:
Dungeon (10/15)            Temple (1/1) D:5             Orc (1/2) D:10
   Lair: D:8-11

Altars:
Ashenzari
Cheibriados
Dithmenos
Elyvilon
Fedhas
Gozag
Hepliaklqana
Kikubaaqudgha
Makhleb
Nemelex Xobeh
Okawaru
Qazlal
Ru
Sif Muna
Trog
Uskayaw
Vehumet
Xom
Yredelemnul
Zin
The Shining One

Annotations:
D:8 Gastronok, Maurice


Innate Abilities, Weirdness & Mutations

You are very small and have problems with some larger weapons.
You are too small for most types of armour.
You have supernaturally acute eyesight. (SInv)
You are a herbivore.
You cover ground extremely quickly.
You need consume almost no food.


Message History

The stone giant hits you!!
Your crimson imp barely misses the stone giant.
Okay, then.
You hit the stone giant but do no damage.
The stone giant looks as sick as possible!
The stone giant is lightly wounded.
You hit the stone giant but do no damage.
The stone giant looks as sick as possible!
The stone giant is moderately wounded.
The stone giant barely misses you.
Your crimson imp barely misses the stone giant.
You hit the stone giant but do no damage.
The stone giant looks as sick as possible!
The stone giant is lightly wounded.
You hit the stone giant.
The stone giant looks as sick as possible!
The stone giant is moderately wounded.
The stone giant hits you!!
Ouch! That really hurt!
You die...

##.......#C..#.## *
##.......#.......# # ,
#......(.##.#.#.## #.
,##.#.#...########
...##.....#.## ###
.....#...#§§.###.##
#......§§§§§.##...####
......(.§§5§.##..#.#.##
....#.§§@C5..§.......#
#.. ##§§#§§(...#....##
#§§[.§.........##
##§.............##
#....#)..#......#
#.$..(..........#
#.....<>...#.#..#*
#............##...#
##.#.#...#..##*#.##


You could see a stone giant, a friendly iron imp and a friendly crimson imp.

Vanquished Creatures
  A hill giant (D:8)
  Pikel (D:6)
  An orc sorcerer (Orc:1)
  An orc knight (D:10)
  An ugly thing (D:10)
  A queen bee (D:10)
  A troll (D:10)
  Prince Ribbit (D:7)
  A hippogriff (D:9)
  The ghost of VeryBadWizard the Conjurer, an amateur DrWz (D:4)
  Edmund (D:6)
  8 swamp worms (D:10)
  An ice beast (D:10)
  2 sky beasts
  4 orc warriors
  A phantom (D:7)
  Purgy (Sewer)
  2 slaves (D:6)
  3 ogres
  4 centaurs
  A big kobold (D:9)
  Blork the orc (D:6)
  9 bullfrogs
  3 elf zombies (Ossuary)
  A water moccasin zombie (D:10)
  A wyvern skeleton (D:7)
  4 scorpions
  19 killer bees
  10 howler monkeys
  6 crimson imps
  A bullfrog zombie (D:5)
  4 centaur zombies
  6 hounds
  6 human zombies (Ossuary)
  5 orc priests
  3 bullfrog skeletons
  2 jellies
  12 orc wizards
  Crazy Yiuf (D:7)
  2 centaur skeletons
  Terence (D:2)
  6 iguanas
  4 worker ants
  3 mummies (Ossuary)
  A worker ant zombie (D:5)
  5 gnolls
  2 river rats (D:4)
  15 adders
  2 shadow imps
  An ooze (D:2)
  2 adder zombies
  17 worms
  4 dart slugs
  13 leopard geckos
  39 orcs
  7 giant cockroaches
  10 goblins
  7 hobgoblins
  19 jackals
  A quokka (D:7)
  A ball python (D:1)
  7 bats
  6 frilled lizards
  7 kobolds
  A leopard gecko skeleton (D:9)
  A quokka skeleton (D:6)
  12 rats
328 creatures vanquished.

Vanquished Creatures (collateral kills)
  An orc warrior (D:7)
1 creature vanquished.

Vanquished Creatures (others)
  A slave (D:6)
  A quokka skeleton (D:6)
  2 plants (D:10)
4 creatures vanquished.

Grand Total: 333 creatures vanquished

Notes
Turn   | Place    | Note
-------+----------+-------------------------------------------
     0 | D:1      | greprep the Spriggan Enchanter began the quest for the Orb.
     0 | D:1      | Reached XP level 1. HP: 9/9 MP: 5/5
   308 | D:1      | Reached XP level 2. HP: 12/13 MP: 6/6
   312 | D:1      | Learned a level 2 spell: Ensorcelled Hibernation
   941 | D:1      | Reached skill level 5 in Stealth
  1172 | D:1      | Reached XP level 3. HP: 12/16 MP: 3/8
  1667 | D:2      | Reached XP level 4. HP: 21/21 MP: 0/9
  1698 | D:2      | Reached skill level 1 in Ice Magic
  2100 | D:2      | Reached skill level 6 in Stealth
  2408 | D:2      | Reached XP level 5. HP: 18/24 MP: 2/11
  2479 | D:2      | Noticed Terence
  2484 | D:2      | Killed Terence
  3218 | D:3      | Reached skill level 7 in Stealth
  3561 | D:3      | Reached XP level 6. HP: 28/28 MP: 13/13
  3630 | D:3      | Found a radiant altar of Vehumet.
  4704 | D:4      | Found an iron altar of Okawaru.
  4843 | D:4      | Found a glowing drain.
  4850 | D:4      | Learned a level 3 spell: Confuse
  4854 | D:4      | Learned a level 3 spell: Dazzling Spray
  4858 | D:4      | Learned a level 3 spell: Tukima's Dance
  4859 | Sewer    | Entered a sewer
  5029 | Sewer    | Noticed Purgy
  5033 | Sewer    | Killed Purgy
  5316 | D:4      | Noticed a moth of wrath
  5319 | D:4      | Found a bloodstained altar of Trog.
  5462 | D:4      | Noticed VeryBadWizard's ghost (amateur DrWz)
  5933 | D:4      | Reached XP level 7. HP: 32/32 MP: 14/14
  6216 | D:4      | Killed VeryBadWizard's ghost
  6216 | D:4      | Reached skill level 8 in Stealth
  7037 | D:5      | Entered Level 5 of the Dungeon
  7168 | D:5      | Reached skill level 5 in Dodging
  7214 | D:5      | Reached skill level 9 in Stealth
  7232 | D:5      | Reached skill level 5 in Hexes
  7342 | D:5      | Found a bloodstained altar of Trog.
  7441 | D:5      | Found a staircase to the Ecumenical Temple.
  7681 | D:5      | Reached XP level 8. HP: 32/37 MP: 7/16
  7704 | Temple   | Entered the Ecumenical Temple
  7895 | Temple   | Became a worshipper of Ashenzari the Shackled
  8178 | D:5      | Reached skill level 5 in Spellcasting
  8766 | D:5      | Reached skill level 10 in Stealth
  9048 | D:6      | Noticed Edmund
  9060 | D:6      | Killed Edmund
  9687 | D:6      | Reached skill level 11 in Stealth
  9751 | D:6      | Noticed Blork the orc
  9758 | D:6      | Killed Blork the orc
  9907 | D:6      | Noticed Pikel
 10021 | D:6      | Killed Pikel
 10021 | D:6      | Reached skill level 12 in Stealth
 10021 | D:6      | Reached XP level 9. HP: 30/40 MP: 10/18
 10535 | D:7      | Reached * piety under Ashenzari
 10665 | D:7      | Reached skill level 5 in Short Blades
 10883 | D:7      | Noticed Prince Ribbit
 10891 | D:7      | Killed Prince Ribbit
 10920 | D:7      | Found a stormy altar of Qazlal.
 11199 | D:7      | Found a runed door.
 11360 | D:7      | Learned a level 3 spell: Mephitic Cloud
 11363 | D:7      | Learned a level 2 spell: Blink
 11366 | D:7      | Learned a level 2 spell: Slow
 11384 | D:7      | Reached skill level 13 in Stealth
 11961 | D:7      | Noticed Crazy Yiuf
 11965 | D:7      | Killed Crazy Yiuf
 12049 | D:8      | Noticed Maurice
 12439 | D:8      | Found a sand-covered staircase.
 12448 | Ossuary  | Entered an ossuary
 12478 | Ossuary  | Reached XP level 10. HP: 44/44 MP: 11/20
 12799 | Ossuary  | Reached skill level 14 in Stealth
 13286 | D:8      | Noticed a hill giant
 13290 | D:8      | Noticed Gastronok
 13293 | D:8      | Killed a hill giant
 13293 | D:8      | Reached skill level 1 in Fighting
 14524 | D:8      | Learned a level 2 spell: Call Imp
 14564 | D:8      | HP: 2/45 [Gastronok/the air (9)]
 15144 | D:9      | Reached ** piety under Ashenzari
 15607 | D:9      | Reached skill level 15 in Stealth
 15840 | D:10     | Entered Level 10 of the Dungeon
 16290 | D:10     | Noticed a purple ugly thing
 16302 | D:10     | Killed a purple ugly thing
 16370 | D:10     | Reached skill level 10 in Dodging
 16565 | D:10     | Found a bloodstained altar of Trog.
 16902 | D:10     | Reached XP level 11. HP: 49/49 MP: 23/23
 17068 | D:10     | Found a staircase to the Orcish Mines.
 18001 | Orc:1    | Entered Level 1 of the Orcish Mines
 18005 | Orc:1    | Noticed an orc sorcerer
 18010 | Orc:1    | Noticed an orc knight
 18015 | Orc:1    | Reached skill level 16 in Stealth
 18152 | D:10     | Killed an orc knight
 18394 | Orc:1    | Killed an orc sorcerer
 18682 | Orc:1    | Noticed a stone giant
 18887 | Orc:1    | Reached *** piety under Ashenzari
 18916 | Orc:1    | Slain by a stone giant

Skill      XL: |  1  2  3  4  5  6  7  8  9 10 11 |
---------------+----------------------------------+-----
Spellcasting   | 3 4 5 6 7 8 |  8.0
Stealth        | 5 6 7 9 12 13 15 16 | 16.2
Hexes          | 4 5 6 7 |  7.7
Ice Magic      | 1 2 3 4 |  4.2
Short Blades   | 2 3 4 5 6 7 |  7.1
Dodging        | 4 5 7 8 10 | 10.6
Fighting       | 1 |  1.2
Conjurations   | |  0.3
Summonings     | |  0.2
Poison Magic   | |  0.4
Evocations     | |  0.3

Action                   |  1- 3 |  4- 6 |  7- 9 | 10-12 || total
-------------------------+-------+-------+-------+-------++-------
Melee: Dagger            |   108 |    85 |   237 |   263 ||   693
 Cast: Ensorcelled Hiber |    27 |    65 |   108 |   105 ||   305
       Confuse           |       |       |    27 |    40 ||    67
       Tukima's Dance    |       |       |     4 |       ||     4
       Mephitic Cloud    |       |       |     2 |     6 ||     8
       Slow              |       |       |     1 |       ||     1
       Dazzling Spray    |       |       |       |     8 ||     8
       Call Imp          |       |       |       |     7 ||     7
Invok: Curse Item        |       |       |       |     4 ||     4
       Scrying           |       |       |       |     1 ||     1
Evoke: Wand              |       |     5 |     7 |       ||    12
  Use: Scroll            |     6 |     2 |    14 |     8 ||    30
       Potion            |       |       |     3 |     2 ||     5
 Stab: Sleeping          |    21 |    55 |    81 |    63 ||   220
       Distracted        |       |     1 |     1 |     5 ||     7
       Confused          |       |       |    15 |    28 ||    43
  Eat: Bread ration      |       |     1 |     2 |       ||     3
       Pizza             |       |       |     1 |     1 ||     2
       Fruit             |       |       |       |     3 ||     3
Armor: Robe              |     9 |     3 |     9 |    15 ||    36
Dodge: Dodged            |    76 |    63 |   145 |   210 ||   494
